 Dungeon Crawl Stone Soup version 0.18-b1-23-gf76aad1 (webtiles) character file.

85 sonofsunaj the Cudgeler (level 4, -1/44 HPs)
             Began as a Troll Berserker on May 4, 2016.
             Was a Believer of Trog.
             Slain by Robin
             ... wielding a +0 spear
              (4 damage)
             ... on level 2 of the Dungeon.
             The game lasted 00:18:52 (1654 turns).

sonofsunaj the Cudgeler (Troll Berserker)           Turns: 1654, Time: 00:18:53

Health: -1/44      AC:  5    Str: 25 (26) XL:     4   Next: 25%
Magic:  3/3        EV:  8    Int:  1 (3)  God:    Trog [**....]
Gold:   45         SH:  8    Dex: 10 (11) Spells: 0 memorised, 3 levels left

rFire  . . .     SeeInvis .     k - +1 broad axe
rCold  . . .     Gourm    +     l - +0 robe
rNeg   . . .     Faith    .     g - +0 shield
rPois  .         Spirit   .     (helmet restricted)
rElec  .         Dismiss  .     (no cloak)
rCorr  .         Reflect  .     (gloves unavailable)
SustAt .         Harm     .     (boots unavailable)
MR     .....                    (no amulet)
Stlth  ..........               j - +2 ring of dexterity
                                i - ring of loudness

@: not resistant to hostile enchantments, extremely unstealthy
A: unfitting armour, claws 3, fast metabolism 3, gourmand, regeneration 2,
shaggy fur 1, tough skin 2
a: Berserk, Trog's Hand, Burn Spellbooks, Renounce Religion


You were on level 2 of the Dungeon.
You worshipped Trog.
Trog was pleased with you.
You were completely stuffed.

You visited 1 branch of the dungeon, and saw 2 of its levels.

You collected 45 gold pieces.

Inventory:

Hand Weapons
 k - a +1 broad axe (weapon)
Armour
 b - a +0 animal skin
 d - a +1 cloak
 e - a +0 ring mail of magic resistance
 g - a +0 shield (worn)
 l - a +0 robe (worn)
Jewellery
 i - a ring of loudness (left claw)
 j - a +2 ring of dexterity (right claw)
Scrolls
 a - a scroll of identify
 h - a scroll of fog
 n - 2 scrolls of remove curse
Comestibles
 c - 2 bread rations
 f - a slice of pizza
 m - a chunk of flesh
 o - a beef jerky


   Skills:
 + Level 2.9 Fighting
 + Level 0.4(1.8) Axes
   Level 3.1 Maces & Flails
 + Level 3.1 Dodging
 + Level 1.1 Shields


You had 3 spell levels left.
You didn't know any spells.

Dungeon Overview and Level Annotations

Branches:
Dungeon (2/15)

Altars:

Annotations:
D:2 Robin


Innate Abilities, Weirdness & Mutations

You are too large for most types of armour.
You have claws for hands.
Your metabolism is lightning-fast.
You like to eat raw meat.
You heal very quickly.
You are covered in fur (AC +1).
You have very tough skin (AC +2).


Message History

The goblin hits you.
* * * LOW HITPOINT WARNING * * *
You barely miss Robin. You closely miss the goblin.
Robin hits you with a spear.
* * * LOW HITPOINT WARNING * * *
The goblin barely misses you. Robin hits you with a spear.
* * * LOW HITPOINT WARNING * * *
The goblin hits you.
* * * LOW HITPOINT WARNING * * *
You slash Robin!
Robin is heavily wounded.
You closely miss the goblin.
Robin points. "Kill!"
Robin roars a battlecry!
The goblin goes into a battle-frenzy!
Robin barely misses you. The goblin barely misses you.
You hit Robin.
Robin is severely wounded.
You closely miss the goblin. Robin hits you with a spear.
You die...

...####..##.# #.#
............#
#####.#######
...####..####
#............
##.####..#
#.###########
.........## #.#
........#.# #.#
...##############)#
#### .......).#
......g@g#
........##
#########


You could see Robin and a goblin.

Vanquished Creatures
  3 gnolls (D:2)
  A worm (D:2)
  3 dart slugs
  A giant gecko (D:2)
  2 ball pythons (D:2)
  4 giant cockroaches
  12 goblins
  4 hobgoblins (D:2)
  4 jackals (D:2)
  3 kobolds
  A bat (D:2)
  A giant newt (D:2)
  4 rats
43 creatures vanquished.

Notes
Turn   | Place    | Note
--------------------------------------------------------------
     0 | D:1      | sonofsunaj the Troll Berserker began the quest for the Orb.
     0 | D:1      | Reached XP level 1. HP: 22/22 MP: 0/0
   491 | D:1      | Reached XP level 2. HP: 26/29 MP: 1/1
   571 | D:1      | You fall through a shaft!
   999 | D:2      | Reached ** piety under Trog
  1078 | D:2      | Reached XP level 3. HP: 36/36 MP: 2/2
  1089 | D:2      | Reached skill level 1 in Shields
  1251 | D:2      | Reached XP level 4. HP: 44/44 MP: 3/3
  1637 | D:2      | Noticed Robin
  1652 | D:2      | HP: 2/44 [Robin/spear (1)]
  1654 | D:2      | Slain by Robin

Skill      XL: |  1  2  3 |
---------------+----------+-----
Maces & Flails | 3 |  3.1
Dodging        | 3 |  3.1
Shields        | 1 |  1.1
Fighting       | |  2.9
Axes           | |  0.4

Action                   |  1- 3 |  4- 6 || total
-------------------------+-------+-------++-------
Melee: Mace              |    39 |       ||    39
       Broad axe         |    56 |    34 ||    90
  Use: Scroll            |     8 |       ||     8
       Potion            |     3 |     1 ||     4
  Eat: Chunk             |    17 |     4 ||    21
Armor: Animal skin       |    28 |       ||    28
       Robe              |    29 |    15 ||    44
Dodge: Dodged            |    47 |    18 ||    65
Block: Shield            |    49 |    25 ||    74
